 Dungeon Crawl Stone Soup version 0.23.2-33-g5129a83184 (webtiles) character file.

Game seed: 17550179996169365836

100 Destapler the Caller (level 5, -2/30 HPs)
             Began as a Kobold Summoner on July 25, 2019.
             Slain by Jukra's ghost (10 damage)
             ... on level 3 of the Dungeon on July 26, 2019.
             The game lasted 00:32:34 (3457 turns).

Destapler the Caller (Kobold Summoner)              Turns: 3457, Time: 00:32:34

Health: -2/30      AC:  2    Str:  5    XL:     5   Next: 3%
Magic:  2/9        EV: 16    Int: 18    God:
Gold:   126        SH:  0    Dex: 15    Spells: 6/9 levels left

rFire    + . .     SeeInvis .   b - +0 short sword
rCold    x . .     Gourm    .   (shield restricted)
rNeg     . . .     Faith    .   a - +0 robe
rPois    .         Spirit   .   (no helmet)
rElec    .         Reflect  .   (no cloak)
rCorr    .         Harm     .   (no gloves)
MR       .....                  (no boots)
Stlth    +++.......             (no amulet)
HPRegen  0.10/turn              k - ring of fire
MPRegen  0.11/turn              (no ring)

@: no status effects
A: small, carnivore
a: no special abilities


You were on level 3 of the Dungeon.
You were very full.

You visited 1 branch of the dungeon, and saw 3 of its levels.

You collected 126 gold pieces.

Inventory:

Hand Weapons
 b - a +0 short sword (weapon)
Missiles
 d - 59 stones (quivered)
Armour
 a - a +0 robe (worn)
 e - a +0 shield
Jewellery
 k - a ring of fire (left hand)
Potions
 f - a potion of curing
 h - 2 potions of berserk rage
 i - 2 potions of might
 n - a potion of heal wounds
Comestibles
 c - 7 rations
 g - 2 chunks of flesh


   Skills:
 + Level 1.9 Fighting
 + Level 0.6 Short Blades
 + Level 3.2 Dodging
 + Level 3.7 Stealth
 + Level 2.9 Spellcasting
 + Level 4.4 Summonings


You had 6 spell levels left.
You knew the following spells:

 Your Spells              Type           Power        Failure   Level  Hunger
a - Summon Small Mammal   Summ           ###.         2%          1    None
b - Call Imp              Summ           ###.....     4%          2    ##.....

Your spell library contained the following spells:

 Spells                   Type           Power        Failure   Level  Hunger
 Call Canine Familiar     Summ           ###.....     9%          3    ###....
 Summon Guardian Golem    Hex/Summ       ##......     21%         3    ###....
 Summon Ice Beast         Ice/Summ       ##......     54%         4    ####...
 Summon Lightning Spire   Summ/Air       ##......     54%         4    ####...


Dungeon Overview and Level Annotations

Branches:
Dungeon (3/15)

Altars:

Annotations:
D:3 Jukra's ghost, amateur MiBe


Innate Abilities, Weirdness & Mutations

You are small and have problems with some larger weapons.
You are carnivorous and can eat meat at any time.


Message History

Your white imp barely misses Jukra's ghost.
Jukra's ghost hits your white imp.
Your white imp closely misses Jukra's ghost.
Jukra's ghost hits your white imp!
Your white imp dies!
The worker ant simulacrum bites you. The worker ant simulacrum freezes you!
You feel a terrible chill!
You hit the worker ant simulacrum.
The worker ant simulacrum is lightly damaged.
The worker ant simulacrum bites you. The worker ant simulacrum freezes you.
You feel a terrible chill!
* * * LOW HITPOINT WARNING * * *
Jukra's ghost shrieks, "Very impressive.
But it won't help.
Nothing will."
Jukra's ghost screams in joy, "As in life, so in death: Kill!
Kill!!
Kill!!!"
You open the door.
A rat comes into view.
Jukra's ghost completely misses you.
There is an open door here.
You open the door. Jukra's ghost hits you!
You die...

#.# . #.# # ##+# #.# #
##...## ###.# .###
##.....## ###...# ....
##.......## ##.#.#.######
#.........####.r....5Z....
+.........'.....###'''###.
#........@###r.##.......##
#......W.....##.........#
##....Z###...#(....Z.$ZZ#
##...## #..##....####...
##'## #..#...### ##.. #.#
##.#..##..... #. #.#
##..#..#...=.. #. ##.##
#..##..#..... #.
#.#...###..# .....Z.###..


You could see Jukra's ghost, a worker ant simulacrum and a rat (wandering).

Vanquished Creatures
  An ooze (D:1)
  2 dart slugs (D:1)
  2 orcs (D:3)
  3 bats
  A giant cockroach (D:2)
  4 goblins
  A hobgoblin (D:1)
  2 jackals
  6 kobolds
  A quokka (D:3)
  5 frilled lizards
  2 rats (D:1)
30 creatures vanquished.

Vanquished Creatures (collateral kills)
  An orc wizard (D:3)
  An adder (D:2)
  An ooze (D:1)
  4 worms
  3 leopard geckos
  4 orcs (D:3)
  2 ball pythons (D:3)
  4 hobgoblins (D:1)
  5 jackals
  A quokka (D:2)
  8 bats
  A frilled lizard (D:2)
  4 goblins (D:1)
  2 kobolds (D:1)
  2 rats
43 creatures vanquished.

Grand Total: 73 creatures vanquished

Notes
Turn   | Place    | Note
-------+----------+-------------------------------------------
     0 | D:1      | Destapler the Kobold Summoner began the quest for the Orb.
     0 | D:1      | Reached XP level 1. HP: 10/10 MP: 3/3
   177 | D:1      | Reached XP level 2. HP: 16/16 MP: 0/5
   813 | D:1      | Learned a level 2 spell: Call Imp
   830 | D:1      | Reached skill level 1 in Fighting
   830 | D:1      | Reached XP level 3. HP: 17/20 MP: 4/6
  1682 | D:2      | Reached XP level 4. HP: 22/25 MP: 3/8
  3257 | D:3      | Found a runed translucent gate.
  3257 | D:3      | Found a runed translucent gate.
  3257 | D:3      | Found a runed translucent gate.
  3285 | D:3      | Reached XP level 5. HP: 30/30 MP: 4/9
  3334 | D:3      | Noticed Jukra's ghost (amateur MiBe)
  3457 | D:3      | Slain by Jukra's ghost

Skill      XL: |  1  2  3 |
---------------+----------+-----
Stealth        | 3 |  3.7
Fighting       | 1 |  1.9
Dodging        | 3 |  3.2
Short Blades   | |  0.6
Spellcasting   | |  2.9
Summonings     | |  4.4

Action                   |  1- 3 |  4- 6 || total
-------------------------+-------+-------++-------
Melee: Short sword       |    90 |    90 ||   180
Throw: Stone             |       |     4 ||     4
 Cast: Summon Small Mamm |    17 |     1 ||    18
       Call Imp          |    17 |    35 ||    52
  Use: Scroll            |       |     8 ||     8
       Potion            |       |     1 ||     1
 Stab: Distracted        |     2 |       ||     2
       Sleeping          |     3 |     1 ||     4
  Eat: Chunk             |    11 |     8 ||    19
Armor: Robe              |    13 |    12 ||    25
Dodge: Dodged            |   112 |    88 ||   200
